 Dungeon Crawl Stone Soup version 0.30-a0-643-g638baaf3f0 (webtiles) character file.

Game seed: 8592840110821040063

588 Citaku the Covered (level 7, -1/61 HPs)
             Began as a Minotaur Fighter on Jan 16, 2023.
             Slain by an orc
             ... wielding a +0 trident
              (5 damage)
             ... on level 5 of the Dungeon.
             The game lasted 00:04:10 (3180 turns).

Citaku the Covered (Minotaur Fighter)               Turns: 3180, Time: 00:04:11

Health: -1/61      AC: 15    Str: 22    XL:     7   Next: 15%
Magic:  6/6        EV:  5    Int:  5    God:
Gold:   184        SH: 10    Dex: 16    Spells: 6/6 levels left

rFire   . . .      SeeInvis .    a - +0 war axe
rCold   . . .      Faith    .    l - +0 kite shield
rNeg    . . .      Spirit   .    m - +0 plate armour
rPois   .          Reflect  .    (helmet restricted)
rElec   .          Harm     .    x - +0 cloak
rCorr   .          Rampage  .    (no gloves)
Will    .....                    A - +0 pair of boots Stlth
                                 (no amulet)
HPRegen 0.30/turn                i - +6 ring of dexterity
MPRegen 0.10/turn                (no ring)

@: mighty
A: horns 2, retaliatory headbutt
a: no special abilities


You were on level 5 of the Dungeon.
You visited 1 branch of the dungeon, and saw 5 of its levels.

You collected 184 gold pieces.

Inventory:

Hand Weapons
 a - a +0 war axe (weapon)
Armour
 l - a +0 kite shield (worn)
 m - a +0 plate armour (worn)
 x - a +0 cloak (worn)
 A - a +0 pair of boots (worn)
Jewellery
 i - a +6 ring of dexterity (left hand)
Wands
 B - a wand of charming (9)
Scrolls
 b - a scroll of enchant armour {unknown}
 c - 3 scrolls of vulnerability {unknown}
 e - 4 scrolls of identify {unknown}
 f - a scroll of teleportation {unknown}
 g - a scroll of amnesia {unknown}
 k - a scroll of enchant weapon {unknown}
 o - a scroll of fear {unknown}
 q - a scroll of silence {unknown}
 t - 2 scrolls of noise {unknown}
 v - a scroll of blinking {unknown}
 w - a scroll of magic mapping {unknown}
 y - a scroll of acquirement {unknown}
Potions
 d - a potion of might
 h - 4 potions of curing {unknown}
 j - 2 potions of attraction {unknown}
 n - a potion of brilliance {unknown}
 p - a potion of heal wounds {unknown}
 r - 2 potions of flight {unknown}
 s - a potion of haste {unknown}
 u - a potion of resistance {unknown}
 z - a potion of berserk rage {unknown}


   Skills:
 + Level 5.2 Fighting
 * Level 5.8 Axes
 * Level 6.4 Armour
 + Level 5.1 Shields


You had 6 spell levels left.
You didn't know any spells.
Your spell library contained the following spells:

 Spells                   Type           Power      Damage    Failure   Level
 Sublimation of Blood     Necr           0%         N/A       100%        2
 Frozen Ramparts          Ice            0%         1d1       100%        3
 Ice Form                 Ice/Tmut       0%         N/A       100%        4
 Petrify                  Tmut/Erth      0%         N/A       100%        4
 Summon Ice Beast         Ice/Summ       0%         N/A       100%        4
 Irradiate                Conj/Tmut      0%         3d11      100%        5


Dungeon Overview and Level Annotations

Branches:
Dungeon (5/15)
 Temple: D:4-7

Altars:


Innate Abilities, Weirdness & Mutations

You have a pair of horns on your head.
You reflexively headbutt those who attack you in melee.


Message History

The ice beast attacks as you move away! You block the ice beast's attack.
You closely miss the ice beast.
The ice beast is heavily wounded.
The ice beast hits you. The ice beast freezes you!
* * * LOW HITPOINT WARNING * * *
A gnoll comes into view. It is wielding a +0 halberd.
The gnoll sergeant hits you from afar with a +0 trident.
* * * LOW HITPOINT WARNING * * *
You closely miss the ice beast.
The gnoll shouts!
You headbutt the ice beast, but do no damage.
The ice beast is heavily wounded.
You hear a shout! x2
The ice beast hits you but does no damage.
The gnoll sergeant hits you from afar with a +0 trident.
* * * LOW HITPOINT WARNING * * *
You hit the ice beast.
You headbutt the ice beast, but do no damage.
The ice beast is severely wounded.
You block the ice beast's attack. You block the gnoll sergeant's attack.
The gnoll sergeant hits you but does no damage.
The ice beast hits you but does no damage.
You feel very mighty all of a sudden. You block the ice beast's attack.
A gnoll comes into view. It is wielding a +0 whip.
The gnoll sergeant hits you but does no damage.
You slash the ice beast!
You kill the ice beast!
The gnoll sergeant hits you from afar with a +0 trident.
* * * LOW HITPOINT WARNING * * *
You have reached level 7!
You hit the orc.
You kill the orc!
You block the orc's attack.
The gnoll sergeant hits you from afar with a +0 trident.
* * * LOW HITPOINT WARNING * * *
The orc completely misses you. You block the gnoll sergeant's attack.
An orc comes into view. It is wielding a +0 hand axe.
The orc hits you with a +0 trident.
You die...

.#......#. ...#
....(... ..>##
....... .....#
#....###.##..#
#.............
#......#.......
#.#............
#.#.#......... #
###)#@#..####.##.#
#..ggo#.#.....)..
......gg......##.###
........##.#.....#
.o......##.##.##.#
.........#.....††#
...#.:...#.#####.#
...#####.#. #.# ##
... #.#


You could see a gnoll sergeant, 3 gnolls and 2 orcs.

Vanquished Creatures
  A water moccasin (D:5)
  2 ice beasts
  A howler monkey (D:4)
  A hound (D:5)
  An orc priest (D:4)
  3 iguanas
  4 adders
  2 ufetubi (D:5)
  A worm (D:3)
  4 dart slugs
  7 orcs
  8 endoplasms
  2 giant cockroaches (D:3)
  4 goblins
  5 hobgoblins
  6 kobolds
  4 quokkas
  3 ball pythons
  5 bats
  3 frilled lizards (D:1)
  5 rats
72 creatures vanquished.

Vanquished Creatures (others)
  2 plants (D:1)
2 creatures vanquished.

Grand Total: 74 creatures vanquished

Notes
Turn   | Place    | Note
-------+----------+-------------------------------------------
     0 | D:1      | Citaku the Minotaur Fighter began the quest for the Orb.
     0 | D:1      | Reached XP level 1. HP: 19/19 MP: 0/0
   167 | D:1      | Reached XP level 2. HP: 27/27 MP: 1/1
   247 | D:1      | Reached skill level 4 in Armour
  1080 | D:2      | Reached XP level 3. HP: 33/33 MP: 2/2
  1741 | D:3      | Reached XP level 4. HP: 40/40 MP: 3/3
  2126 | D:4      | Reached skill level 5 in Armour
  2126 | D:4      | Reached XP level 5. HP: 45/47 MP: 4/4
  2153 | D:4      | Noticed an ice beast
  2161 | D:4      | Killed an ice beast
  2207 | D:4      | Reached XP level 6. HP: 32/53 MP: 5/5
  2905 | D:5      | Entered Level 5 of the Dungeon
  2962 | D:5      | Noticed a water moccasin
  2965 | D:5      | Reached skill level 5 in Axes
  2971 | D:5      | Killed a water moccasin
  2972 | D:5      | Reached skill level 5 in Fighting
  2972 | D:5      | Reached skill level 6 in Armour
  2975 | D:5      | Reached skill level 5 in Shields
  3154 | D:5      | Noticed an ice beast
  3178 | D:5      | Killed an ice beast
  3179 | D:5      | Reached XP level 7. HP: 8/61 MP: 6/6
  3179 | D:5      | HP: 3/61 [gnoll sergeant/+0 trident (5)]
  3180 | D:5      | Slain by an orc

Illustrated notes

Levels and vault maps discovered:
D:1:      sevenhm_arrival_forest_fort_small_6, layout_basic, serial_forest,
          infiniplex_forest_clump_double, infiniplex_forest_zigzag_1,
          infiniplex_forest_clump_small, infiniplex_forest_lined_3,
          infiniplex_forest_3_way, infiniplex_forest_clump_C,
          wad_floor_pattern_untrapped
D:2:      layout_basic
D:3:      layout_rooms, hangedman_decor_clover_reticule, serial_park_tiny_1
D:4:      layout_loops_ring, minmay_misc_feat_more_columns
D:5:      layout_basic, minmay_diced_spiral

Skill      XL: |  1  2  3  4  5  6 |
---------------+-------------------+-----
Armour         | 4 5 6 |  6.4
Axes           | 3 4 5 |  5.8
Fighting       | 4 5 |  5.2
Shields        | 4 5 |  5.1

Action                   |  1- 3 |  4- 6 |  7- 9 || total
-------------------------+-------+-------+-------++-------
Melee: War axe           |    68 |    87 |     1 ||   156
       Headbutt          |    11 |    15 |       ||    26
  Use: Potion            |       |     1 |       ||     1
Armor: Scale mail        |    24 |       |       ||    24
       Plate armour      |     5 |    67 |       ||    72
Dodge: Dodged            |    30 |    16 |     1 ||    47
Block: Buckler           |    11 |       |       ||    11
       Kite shield       |     8 |    59 |     2 ||    69

Table legend: (Time is in decaauts)
 A = Elapsed time spent in this place.
 B = Non-inter-level travel time spent in this place.
 C = Inter-level travel time spent in this place.
 D = Time resting spent in this place.
 E = Time spent auto-exploring this place.
 F = Levels seen in this place.
 G = Mean time per level.
                   A        B        C        D        E       F      G
               +--------+--------+--------+--------+--------+-----+--------+
         Total |   3246 |   3159 |     87 |    166 |   2480 |   5 |  649.2 |
       Dungeon |   3246 |   3159 |     87 |    166 |   2480 |   5 |  649.2 |
               +--------+--------+--------+--------+--------+-----+--------+

Top non-repeatable levels by time:
     D:1: 988 daAuts
     D:4: 822 daAuts
     D:2: 663 daAuts
     D:3: 484 daAuts
     D:5: 286 daAuts
